 Dungeon Crawl Stone Soup version 0.29.1-1-gd02db6906a (webtiles) character file.

Game seed: 9535345782907349600

1317 gelatine the Covered (level 8, -5/69 HPs)
             Began as a Minotaur Fighter on Sept 22, 2022.
             Was an Initiate of Makhleb.
             Slain by Eustachio
             ... wielding a +6 rapier of speed
              (7 damage)
             ... on level 6 of the Dungeon.
             The game lasted 00:12:33 (6021 turns).

gelatine the Covered (Minotaur Fighter)             Turns: 6021, Time: 00:12:33

Health: -5/69      AC: 10    Str: 22      XL:     8   Next: 33%
Magic:  8/8        EV: 10    Int:  5      God:    Makhleb [......]
Gold:   324        SH:  5    Dex:  9 (11) Spells: 7/8 levels left

rFire   . . .      SeeInvis .   a - +0 war axe
rCold   . . .      Faith    .   c - +0 buckler
rNeg    . . .      Spirit   .   b - +0 scale mail
rPois   .          Reflect  .   (helmet restricted)
rElec   .          Harm     .   w - +0 cloak
rCorr   .          Rampage  .   g - +0 pair of gloves
Will    .....                   (no boots)
Stlth   ..........              m - amulet of magic regeneration
HPRegen 0.21/turn               (no ring)
MPRegen 0.51/turn               (no ring)

@: no status effects
A: horns 2, retaliatory headbutt
a: Renounce Religion


You were on level 6 of the Dungeon.
You worshipped Makhleb.
Makhleb was noncommittal.
You visited 2 branches of the dungeon, and saw 7 of its levels.
You also visited: Sewer.

You collected 324 gold pieces.

Inventory:

Hand Weapons
 a - a +0 war axe (weapon)
Armour
 b - a +0 scale mail (worn)
 c - a +0 buckler (worn)
 g - a +0 pair of gloves (worn)
 w - a +0 cloak (worn)
Jewellery
 m - an amulet of magic regeneration (around neck)
 H - a ring of fire
Wands
 q - a wand of acid (9)
 C - a wand of polymorph (4)
 G - a wand of roots (5)
Scrolls
 e - a scroll of noise
 f - a scroll of vulnerability {unknown}
 i - 2 scrolls of identify
 j - a scroll of immolation
 k - 3 scrolls of teleportation
 l - a scroll of acquirement {unknown}
 o - 3 scrolls of fear {unknown}
 p - 2 scrolls of enchant weapon {unknown}
 r - a scroll of magic mapping
 t - a scroll of blinking
 u - 2 scrolls of poison {unknown}
 v - a scroll of torment {unknown}
 y - a scroll of butterflies {unknown}
 F - a scroll of silence {unknown}
Potions
 d - a potion of might
 h - a potion of magic
 n - 4 potions of mutation {unknown}
 s - a potion of cancellation {unknown}
 x - a potion of invisibility {unknown}
 z - 2 potions of degeneration {unknown}
 A - 2 potions of heal wounds {unknown}
 B - a potion of haste {unknown}
 D - 4 potions of curing {unknown}
 E - a potion of berserk rage {unknown}
 I - a potion of flight {unknown}


   Skills:
 + Level 5.6 Fighting
 + Level 6.0 Axes
 * Level 1.8 Throwing
 + Level 6.3 Armour
 * Level 3.7 Dodging
 + Level 1.9 Stealth
 * Level 5.7 Shields
 + Level 0.2 Unarmed Combat
 * Level 0.7 Spellcasting
 * Level 0.7 Translocations
 * Level 1.6 Invocations
 * Level 0.9 Evocations


You had 7 spell levels left.
You knew the following spells:

 Your Spells              Type           Power      Damage    Failure   Level
a - Apportation           Tloc           0%         N/A       75%         1

Your spell library contained the following spells:

 Spells                   Type           Power      Damage    Failure   Level
 Necrotise                Necr           0%         1d4       83%         1
 Summon Small Mammal      Summ           0%         N/A       83%         1
 Gell's Gravitas          Tloc           0%         N/A       98%         3
 Lesser Beckoning         Tloc           0%         N/A       98%         3
 Teleport Other           Tloc           0%         N/A       98%         3
 Ozocubu's Armour         Ice            0%         N/A       99%         3
 Ozocubu's Refrigeration  Ice            0%         4d7       100%        7


Dungeon Overview and Level Annotations

Branches:
Dungeon (6/15)             Temple (1/1) D:5           Sewer (visited)

Altars:
Ashenzari
Cheibriados
Dithmenos
Elyvilon
Fedhas
Gozag
Hepliaklqana
Makhleb
Nemelex Xobeh
Ru
Sif Muna
Uskayaw
Vehumet
Wu Jian
Xom
Zin
The Shining One

Shops:
D:5 =

Annotations:
D:6 Eustachio


Innate Abilities, Weirdness & Mutations

You have a pair of horns on your head.
You reflexively headbutt those who attack you in melee.


Message History

You block the quasit's attack. The quasit claws you.
You feel clumsy.
Eustachio hits you with a +6 rapier of speed.
* * * LOW HITPOINT WARNING * * *
The shadow imp hits you but does no damage.
The river rat bites you but does no damage.
The river rat closely misses you. The river rat bites you.
* * * LOW HITPOINT WARNING * * *
Eustachio hits you with a +6 rapier of speed.
* * * LOW HITPOINT WARNING * * *
The quasit bites you.
* * * LOW HITPOINT WARNING * * *
The quasit claws you but does no damage. x2
The quasit closely misses you. You furiously retaliate!
You headbutt the quasit.
The quasit claws you but does no damage.
The quasit closely misses you.
You miss Eustachio.
Eustachio is almost dead.
You closely miss the river rat. You miss the quasit.
You closely miss the river rat. You hit the quasit but do no damage.
You slash the shadow imp! You closely miss the river rat.
The shadow imp hits you but does no damage.
Eustachio gestures wildly while chanting.
Eustachio blinks!
You block the river rat's attack. The river rat bites you.
* * * LOW HITPOINT WARNING * * *
The river rat closely misses you.
The quasit bites you but does no damage.
The quasit claws you but does no damage.
The quasit completely misses you. The quasit barely misses you.
You block the quasit's attack.
The quasit claws you but does no damage.
Blink to where?
Press: ? - help, Q - select action, (/) - cycle Dir - move target
As you read the scroll of blinking, it crumbles to dust.
The shadow imp gestures at you. Pain shoots through your body!
* * * LOW HITPOINT WARNING * * *
Eustachio hits you with a +6 rapier of speed!
You die...

#.....# #!r.<.# #.r5.)#
####### #.§r55# ......#
##....# ......# #....#
......# #....# ......#
#..>.# ......# #.@@.#
......# #....# .†....##
#....#
#......#######....########
#.......##...............#
#.......# .#####.#######.#
#.......# #...........#.#
#.......# #.###.#####.#.#
#.......# #.... ..#.#.###


You could see Eustachio, 2 quasits, 3 river rats and a shadow imp (summoned).

Vanquished Creatures
  Grinder (D:6)
  Edmund (D:4)
  An ice beast (D:6)
  The ghost of GigaChad the Covered, an amateur MiFi (D:3)
  3 bullfrogs
  A necrophage (D:4)
  A scorpion (D:5)
  A hound (D:4)
  5 iguanas
  Natasha (thrice) (D:3)
  2 orc wizards (D:5)
  8 adders
  A river rat (D:3)
  A shadow imp (D:6)
  2 white imps (D:5)
  An ufetubus (D:5)
  3 worms
  2 dart slugs
  9 orcs
  13 ball pythons
  3 bats
  7 endoplasms
  9 giant cockroaches
  9 goblins
  8 hobgoblins
  8 quokkas
  6 frilled lizards
  5 kobolds
  3 rats
118 creatures vanquished.

Notes
Turn   | Place    | Note
-------+----------+-------------------------------------------
     0 | D:1      | gelatine the Minotaur Fighter began the quest for the Orb.
     0 | D:1      | Reached XP level 1. HP: 19/19 MP: 0/0
    71 | D:1      | Reached XP level 2. HP: 23/27 MP: 1/1
   137 | D:1      | Found a faded altar of an unknown god.
   523 | D:1      | Reached XP level 3. HP: 32/33 MP: 2/2
  1789 | D:3      | Found a snail-covered altar of Cheibriados.
  1792 | D:3      | Found an ornate altar of the Wu Jian Council.
  1795 | D:3      | Found a shadowy altar of Dithmenos.
  1795 | D:3      | Noticed Natasha
  1803 | D:3      | Killed Natasha
  1804 | D:3      | Reached XP level 4. HP: 39/41 MP: 3/3
  1872 | D:3      | Found a glowing drain.
  1876 | Sewer    | Entered a sewer
  2049 | Sewer    | Reached skill level 1 in Dodging
  2128 | Sewer    | Reached XP level 5. HP: 24/47 MP: 4/4
  2398 | Sewer    | Reached skill level 1 in Stealth
  2408 | Sewer    | Reached XP level 6. HP: 39/53 MP: 5/5
  2752 | D:3      | Noticed Natasha
  2759 | D:3      | Killed Natasha
  2760 | D:3      | Reached skill level 5 in Armour
  2789 | D:3      | Found a blossoming altar of Fedhas.
  2904 | D:3      | Found a runed translucent door.
  2907 | D:3      | Noticed GigaChad's ghost (amateur MiFi)
  2956 | D:3      | Killed GigaChad's ghost
  2957 | D:3      | Reached skill level 5 in Shields
  3282 | D:3      | Noticed Natasha
  3289 | D:3      | Killed Natasha
  3290 | D:3      | Reached skill level 1 in Throwing
  3444 | D:4      | Noticed Edmund
  3480 | D:4      | Killed Edmund
  3481 | D:4      | Reached skill level 5 in Fighting
  3481 | D:4      | Reached XP level 7. HP: 38/61 MP: 6/6
  3675 | D:4      | Reached skill level 5 in Axes
  4131 | D:5      | Entered Level 5 of the Dungeon
  4365 | D:5      | Found Veguged's Jewellery Shoppe.
  4775 | D:5      | Found a staircase to the Ecumenical Temple.
  4795 | Temple   | Entered the Ecumenical Temple
  4986 | Temple   | Became a worshipper of Makhleb the Destroyer
  4989 | Temple   | Learned a level 1 spell: Apportation
  5287 | D:6      | Reached skill level 1 in Invocations
  5464 | D:6      | Reached XP level 8. HP: 62/69 MP: 7/7
  5702 | D:6      | Noticed Grinder
  5703 | D:6      | Paralysed by Grinder for 4 turns
  5716 | D:6      | Killed Grinder
  5856 | D:6      | Noticed Eustachio
  6021 | D:6      | HP: 2/69 [shadow imp/nerve-wracking pain[Eustachio] (3)]
  6021 | D:6      | Slain by Eustachio

Illustrated notes

Levels and vault maps discovered:
D:1:      dpeg_arrival_renting, layout_rooms,
          ebering_ecumenical_altar_sacrificial, nrook_campfire
D:2:      layout_basic, minmay_misc_feat_pillars
D:3:      layout_rooms, grunt_temple_overflow_cloverleaf,
          hellmonk_ghost_happy_afterlife, gup_sewer_entry_bowl, uniq_natasha
D:4:      layout_basic, uniq_edmund
D:5:      layout_loops_ring, minmay_temple_entry_tees, serial_shops,
          nicolae_shop_statue_plus, hex_medium
D:6:      minmay_thick_lines, layout_basic, uniq_grinder,
          uniq_crazy_yiuf_cottage, uniq_eustachio
Temple:   nicolae_temple_bog_church

Skill      XL: |  1  2  3  4  5  6  7  8 |
---------------+-------------------------+-----
Shields        | 4 5 |  5.7
Fighting       | 4 5 |  5.6
Armour         | 4 5 6 |  6.3
Axes           | 3 4 5 6 |  6.0
Dodging        | 1 2 3 |  3.7
Stealth        | 1 |  1.9
Throwing       | 1 |  1.8
Invocations    | 1 |  1.6
Unarmed Combat | |  0.2
Spellcasting   | |  0.7
Translocations | |  0.7
Evocations     | |  0.9

Action                   |  1- 3 |  4- 6 |  7- 9 || total
-------------------------+-------+-------+-------++-------
Melee: War axe           |    71 |   121 |   121 ||   313
       Headbutt          |     7 |    19 |    27 ||    53
       Unarmed           |       |     3 |       ||     3
Throw: Stone             |    14 |    14 |     1 ||    29
       Throwing net      |       |     2 |       ||     2
  Use: Scroll            |       |     6 |     1 ||     7
       Potion            |       |     1 |       ||     1
Armor: Scale mail        |    40 |    52 |    66 ||   158
       Skin              |       |     1 |       ||     1
Dodge: Dodged            |    42 |    70 |    72 ||   184
Block: Buckler           |    10 |    25 |    38 ||    73
